 Dungeon Crawl Stone Soup version 0.21.0-3-g78d12a8 (webtiles) character file.

116 magipi the Chiller (level 5, 0/35 HPs)
             Began as a Merfolk Ice Elementalist on Jan 12, 2018.
             Killed from afar by Ijyb (10 damage)
             ... with a wand of flame (23)
             ... on level 3 of the Dungeon.
             The game lasted 00:09:49 (2444 turns).

magipi the Chiller (Merfolk Ice Elementalist)       Turns: 2444, Time: 00:09:50

Health: 0/35       AC:  3    Str:  9    XL:     5   Next: 0%
Magic:  0/9        EV: 13    Int: 15    God:
Gold:   76         SH:  0    Dex: 14    Spells: 2/10 levels left

rFire    . . .     SeeInvis .   a - +0 dagger
rCold    . . .     Gourm    .   (no shield)
rNeg     . . .     Faith    .   e - +0 robe
rPois    .         Spirit   .   (no helmet)
rElec    .         Reflect  .   t - +0 cloak
rCorr    .         Harm     .   (no gloves)
MR       .....                  (no boots)
Stlth    ++........             (no amulet)
HPRegen  0.11/turn              (no ring)
MPRegen  0.11/turn              (no ring)

@: very slightly contaminated
A: change form in water, swift swim, stealthy swim
a: no special abilities


You were on level 3 of the Dungeon.
You were not hungry.

You visited 1 branch of the dungeon, and saw 3 of its levels.

You collected 76 gold pieces.

Inventory:

Hand Weapons
 a - a +0 dagger (weapon)
   (You took it off a kobold on level 1 of the Dungeon)
Missiles
 s - 4 javelins (quivered)
Armour
 e - a +0 robe (worn)
 t - a +0 cloak (worn)
   (You found it on level 3 of the Dungeon)
Scrolls
 b - a scroll of random uselessness {unknown}
 f - a scroll of immolation {unknown}
 j - a scroll of magic mapping {unknown}
 k - a scroll of noise {unknown}
 l - 2 scrolls of remove curse {unknown}
 o - a scroll of blinking {unknown}
 p - 2 scrolls of identify {unknown}
Potions
 d - 3 potions of brilliance {unknown}
 g - a potion of agility {unknown}
 h - 2 potions of heal wounds {unknown}
 n - 2 potions of curing {unknown}
 q - a potion of magic {unknown}
 r - a potion of lignification {unknown}
 u - 2 potions of flight {unknown}
Books
 i - a book of Frost

   Spells                             Type                      Level
   a - Freeze                         Ice                          1
   b - Throw Frost                    Conjuration/Ice              2
   c - Ozocubu's Armour               Charms/Ice                   3
   d - Throw Icicle                   Conjuration/Ice              4
   e - Summon Ice Beast               Ice/Summoning                4
Comestibles
 c - 9 rations
 m - 3 chunks of flesh


   Skills:
 - Level 2.6 Dodging
 - Level 2.1 Stealth
 - Level 3.0 Spellcasting
   Level 0.7 Conjurations
 + Level 1.0 Charms
 + Level 0.9 Summonings
 - Level 5.0 Ice Magic


You had 2 spell levels left.
You knew the following spells:

 Your Spells              Type           Power        Failure   Level  Hunger
a - Freeze                Ice            ###.         2%          1    #......
i - Summon Ice Beast      Ice/Summ       ##......     50%         4    #####..
o - Ozocubu's Armour      Chrm/Ice       ##......     17%         3    ###....


Dungeon Overview and Level Annotations

Branches:
Dungeon (3/15)

Altars:
Elyvilon
Uskayaw

Annotations:
D:3 Ijyb


Message History

Aiming: Freeze
Press: ? - help, Shift-Dir - straight line, f - Ijyb
Aim: Ijyb, wielding a dagger of speed, wearing a ring mail and carrying a wand of flame (25)
You miscast Freeze.
You are very lightly contaminated with residual magic.
Frost covers your body.
Ijyb zaps a wand.
The puff of flame hits you!
Casting: Freeze
Confirm with . or Enter, or press ? or * to list all spells.
Aiming: Freeze
Press: ? - help, Shift-Dir - straight line, f/p - Ijyb
Aim: Ijyb, wielding a dagger of speed, wearing a ring mail and carrying a wand of flame (24)
You freeze Ijyb.
Ijyb is moderately wounded.
Ijyb misses you.
Casting: Freeze
Confirm with . or Enter, or press ? or * to list all spells.
Aiming: Freeze
Press: ? - help, Shift-Dir - straight line, f/p - Ijyb
Aim: Ijyb, wielding a dagger of speed, wearing a ring mail and carrying a wand of flame (24) (moderately wounded)
You freeze Ijyb.
Ijyb is moderately wounded.
Ijyb hits you with a dagger of speed. x2
Casting: Freeze
Confirm with . or Enter, or press ? or * to list all spells.
Aiming: Freeze
Press: ? - help, Shift-Dir - straight line, f/p - Ijyb
Aim: Ijyb, wielding a dagger of speed, wearing a ring mail and carrying a wand of flame (24) (moderately wounded)
You freeze Ijyb.
Ijyb is moderately wounded.
Ijyb barely misses you.
Casting: Freeze
Confirm with . or Enter, or press ? or * to list all spells.
Aiming: Freeze
Press: ? - help, Shift-Dir - straight line, f/p - Ijyb
Aim: Ijyb, wielding a dagger of speed, wearing a ring mail and carrying a wand of flame (24) (moderately wounded)
You freeze Ijyb.
Ijyb is heavily wounded.
Ijyb hits you with a dagger of speed.
Unknown command.
Casting: Freeze
Confirm with . or Enter, or press ? or * to list all spells.
Aiming: Freeze
Press: ? - help, Shift-Dir - straight line, f/p - Ijyb
Aim: Ijyb, wielding a dagger of speed, wearing a ring mail and carrying a wand of flame (24) (heavily wounded)
You freeze Ijyb.
Ijyb is heavily wounded.
Ijyb misses you.
Casting: Freeze
Confirm with . or Enter, or press ? or * to list all spells.
Aiming: Freeze
Press: ? - help, Shift-Dir - straight line, f/p - Ijyb
Aim: Ijyb, wielding a dagger of speed, wearing a ring mail and carrying a wand of flame (24) (heavily wounded)
You freeze Ijyb.
Ijyb is heavily wounded.
Ijyb misses you. Ijyb hits you with a dagger of speed.
Casting: Freeze
Confirm with . or Enter, or press ? or * to list all spells.
Aiming: Freeze
Press: ? - help, Shift-Dir - straight line, f/p - Ijyb
Aim: Ijyb, wielding a dagger of speed, wearing a ring mail and carrying a wand of flame (24) (heavily wounded)
You miscast Freeze.
You feel uncomfortably cold. Ijyb screams, "Me kill you!"
Ijyb hits you with a dagger of speed.
Casting: Freeze
Confirm with . or Enter, or press ? or * to list all spells.
Aiming: Freeze
Press: ? - help, Shift-Dir - straight line, f/p - Ijyb
Aim: Ijyb, wielding a dagger of speed, wearing a ring mail and carrying a wand of flame (24) (heavily wounded)
You freeze Ijyb.
Ijyb is severely wounded.
Ijyb zaps a wand.
The puff of flame hits you!
* * * LOW HITPOINT WARNING * * *
Casting: Freeze
Confirm with . or Enter, or press ? or * to list all spells.
Okay, then.
Unknown command.
Press: ? - help, v - describe, . - travel
Here: Ijyb, wielding a dagger of speed, wearing a ring mail and carrying a wand of flame (23) (severely wounded)
The floor.
Unknown command.
Casting: Freeze
Confirm with . or Enter, or press ? or * to list all spells.
Aiming: Freeze
Press: ? - help, Shift-Dir - straight line, f/p - Ijyb
Aim: Ijyb, wielding a dagger of speed, wearing a ring mail and carrying a wand of flame (23) (severely wounded)
You freeze Ijyb.
Ijyb is almost dead.
Ijyb barely misses you.
Unknown command.
Casting: Freeze
Confirm with . or Enter, or press ? or * to list all spells.
You don't have enough magic to cast that spell.
Unknown command.
Unknown command.
Unknown command.
You hit Ijyb but do no damage.
Ijyb is almost dead.
Ijyb hits you but does no damage. Ijyb closely misses you.
Ijyb zaps a wand.
The puff of flame hits you!
You die...

.. ##### ##.##
#...########...
#.........##..# ###
#
#...#.###.##..##...
. ##.##.# #.##...#.#
#
#.##.###)#......###.
#
#†##.g.@............
#
#.######.###.######
# #.# #.# #.# #####
#.# #.# #.# #....
#g. ..###'## #.###
#.# ####...## #.# #
#.# ##.....## #.###
#.. #......†## #.#..
#..
#.........###....


You could see Ijyb.

Vanquished Creatures
  An orc wizard (D:2)
  An adder (D:2)
  An ooze (D:1)
  A worm (D:2)
  2 leopard geckos (D:2)
  9 orcs
  4 bats
  A giant cockroach (D:1)
  4 goblins
  6 hobgoblins
  11 jackals
  3 kobolds (D:1)
  A quokka (D:3)
  A ball python (D:1)
  A frilled lizard (D:2)
  6 rats
53 creatures vanquished.

Notes
Turn   | Place    | Note
-------+----------+-------------------------------------------
     0 | D:1      | magipi the Merfolk Ice Elementalist began the quest for the Orb.
     0 | D:1      | Reached XP level 1. HP: 13/13 MP: 3/3
   434 | D:1      | Reached XP level 2. HP: 17/19 MP: 3/5
   740 | D:1      | Reached skill level 4 in Ice Magic
  1154 | D:2      | Found a white marble altar of Elyvilon.
  1168 | D:2      | Reached XP level 3. HP: 24/24 MP: 6/6
  1173 | D:2      | Learned a level 3 spell: Ozocubu's Armour
  1314 | D:2      | Found a hide-covered altar of Uskayaw.
  1381 | D:2      | Reached XP level 4. HP: 18/30 MP: 0/8
  1670 | D:2      | Learned a level 4 spell: Summon Ice Beast
  1793 | D:2      | Reached skill level 5 in Ice Magic
  2413 | D:3      | Reached skill level 1 in Charms
  2413 | D:3      | Reached XP level 5. HP: 35/35 MP: 9/9
  2415 | D:3      | Noticed Ijyb
  2444 | D:3      | Killed from afar by Ijyb

Skill      XL: |  1  2  3  4 |
---------------+-------------+-----
Ice Magic      | 4 5 |  5.0
Spellcasting   | 3 |  3.0
Charms         | 1 |  1.0
Dodging        | |  2.6
Stealth        | |  2.1
Conjurations   | |  0.7
Summonings     | |  0.9

Action                   |  1- 3 |  4- 6 || total
-------------------------+-------+-------++-------
Melee: Unarmed           |     2 |       ||     2
       Dagger            |    14 |    18 ||    32
 Cast: Freeze            |    29 |    46 ||    75
 Stab: Sleeping          |     8 |     6 ||    14
  Eat: Chunk             |     2 |     3 ||     5
Armor: Robe              |     3 |     6 ||     9
Dodge: Dodged            |    25 |    38 ||    63

Action                   |  1- 3 |  4- 6 || total
-------------------------+-------+-------++-------
Melee: Unarmed           |     2 |       ||     2
       Dagger            |    14 |    18 ||    32
 Cast: Freeze            |    29 |    46 ||    75
 Stab: Sleeping          |     8 |     6 ||    14
  Eat: Chunk             |     2 |     3 ||     5
Armor: Robe              |     3 |     6 ||     9
Dodge: Dodged            |    25 |    38 ||    63
